 Dungeon Crawl Stone Soup version 0.28-a0-1033-g1a2f33fa85 (webtiles) character file.

Game seed: 14621387461409467734

5608 Umoon2 the Fighter (level 10, 0/82 HPs)
             Began as a Demonspawn Gladiator on Dec 7, 2021.
             Was a Follower of Makhleb.
             Slain by an orc warrior (20 damage)
             ... on level 9 of the Dungeon on Dec 8, 2021.
             The game lasted 00:15:51 (13506 turns).

Umoon2 the Fighter (Demonspawn Gladiator)          Turns: 13506, Time: 00:15:51

Health: 0/82       AC: 11    Str: 24    XL:     10   Next: 45%
Magic:  16/16      EV: 14    Int:  9    God:    Makhleb [*.....]
Gold:   518        SH:  5    Dex: 16    Spells: 9/9 levels left

rFire   . . .      SeeInvis .   J - +7 dagger (venom)
rCold   . . .      Faith    .   (no shield)
rNeg    . . .      Spirit   .   D - +1 scale mail {rPois}
rPois   +          Reflect  +   (helmet restricted)
rElec   .          Harm     .   m - +0 cloak
rCorr   .          Rampage  .   w - +0 pair of gloves
Will    .....                   (no boots)
Stlth   ..........              A - amulet of reflection
HPRegen 0.23/turn               q - +6 ring of strength
MPRegen 0.15/turn               v - ring of poison resistance

@: no status effects
A: antennae 2, demonic guardian 1, powered by pain 2
a: Renounce Religion


You were on level 9 of the Dungeon.
You worshipped Makhleb.
Makhleb was aware of your devotion.
You visited 2 branches of the dungeon, and saw 10 of its levels.

You collected 518 gold pieces.

Inventory:

Hand Weapons
 H - a +1 scimitar of flaming
 J - a +7 dagger of venom (weapon)
Missiles
 d - 4 throwing nets (quivered)
Armour
 b - a +0 leather armour
 c - a +0 helmet
 e - a +0 ring mail
 m - a +0 cloak (worn)
 w - a +0 pair of gloves (worn)
 D - a +1 scale mail of poison resistance (worn)
Jewellery
 q - a +6 ring of strength (left hand)
 v - a ring of poison resistance (right hand)
 z - a ring of magical power
 A - an amulet of reflection (around neck)
 G - a ring of resist corrosion
Wands
 j - a wand of digging (2)
 s - a wand of flame (12)
 B - a wand of acid (9)
 C - a wand of iceblast (8)
Scrolls
 f - a scroll of magic mapping {unknown}
 l - 3 scrolls of enchant weapon {unknown}
 p - 6 scrolls of identify {unknown}
 r - 2 scrolls of fear {unknown}
 u - a scroll of enchant armour {unknown}
 x - a scroll of noise {unknown}
 y - 3 scrolls of teleportation {unknown}
 F - a scroll of vulnerability {unknown}
Potions
 h - 2 potions of resistance
 k - 3 potions of curing
 n - a potion of attraction
 o - a potion of haste
 E - a potion of invisibility {unknown}
 I - a potion of mutation {unknown}


   Skills:
 + Level 8.5 Fighting
 - Level 2.6 Short Blades
 - Level 1.7 Throwing
 + Level 7.5 Armour
 + Level 8.1 Dodging
 * Level 8.4 Invocations


You had 9 spell levels left.
You didn't know any spells.
Your spell library contained the following spells:

 Spells                   Type           Power      Damage    Failure   Level
 Summon Small Mammal      Summ           0%         N/A       65%         1
 Call Canine Familiar     Summ           0%         N/A       95%         3
 Summon Guardian Golem    Hex/Summ       0%         N/A       95%         3


Dungeon Overview and Level Annotations

Branches:
Dungeon (9/15)             Temple (1/1) D:6             Orc (0/2) D:9
   Lair: D:8-11

Altars:
Ashenzari
Cheibriados
Dithmenos
Elyvilon
Fedhas
Gozag
Hepliaklqana
Kikubaaqudgha
Makhleb
Nemelex Xobeh
Okawaru
Qazlal
Ru
Sif Muna
Trog
Uskayaw
Vehumet
Wu Jian
Yredelemnul
Zin
The Shining One

Shops:
D:7 !

Annotations:
D:3 1 runed translucent door, meatgazer's ghost, amateur HOMo


Innate Abilities, Weirdness & Mutations

You have a pair of antennae on your head.
A weak demonic guardian rushes to your aid.
You sometimes gain power by taking damage.


Message History

The troll zombie closely misses you.
The troll zombie claws you but does no damage.
You hit the troll zombie.
The troll zombie is severely damaged.
The troll zombie barely misses you. The troll zombie claws you.
* * * LOW HITPOINT WARNING * * *
The troll zombie claws you!
* * * LOW HITPOINT WARNING * * *
A demonic guardian appears!
Your quasit barely misses the troll zombie. x2
Your quasit claws the troll zombie.
An orc zombie comes into view.
You puncture the troll zombie!
The troll zombie is almost destroyed.
An orc warrior comes into view. It is wielding a +0 glaive.
You puncture the troll zombie!
The troll zombie is almost destroyed.
Your quasit bites the troll zombie.
Your quasit claws the troll zombie.
The troll zombie is destroyed!
Makhleb accepts your kill.
You swap places.
Things that are here:
a +0 hand axe; a +0 scale mail; an orc corpse The orc warrior closely misses you.
The orc warrior misses you. The orc zombie misses your quasit.
The orc warrior closely misses you. The orc zombie misses your quasit.
The orc warrior barely misses you. The orc warrior barely misses you.
The orc zombie completely misses your quasit.
You block the orc warrior's attack.
Your quasit bites the orc warrior but does no damage.
Your quasit barely misses the orc warrior. x2
Your quasit misses the orc warrior.
Your quasit claws the orc warrior but does no damage.
Your quasit closely misses the orc warrior.
You block the orc warrior's attack.
Your quasit disappears in a puff of smoke!
The orc warrior barely misses you.
The orc warrior hits you from afar with a +0 glaive!!
You die...

# ## .##############
.............)#
#############.#########
#############.........#
...........####.#####.#
##########.####..#
...))........###@#
##########.#####ยง#####
#.# #.#o#{.# #.#
#.#o...# .# #.#
###.#.## # ... ### #<#
###.#.# .###.#. ..# #.#
#..##.##......# #.#
#####.###..#..Z.o#.o..
#.......#..##.#$#..#


You could see an orc warrior and an orc.

Vanquished Creatures
  Erica (D:8)
  Pikel (D:7)
  Maurice (D:9)
  Grinder (D:3)
  Prince Ribbit (D:7)
  Sigmund (D:2)
  A shadow (D:9)
  2 wraiths (D:9)
  Eustachio (D:5)
  Duvessa (D:6)
  4 orc warriors
  2 ice beasts
  2 sky beasts
  2 black bears
  A necrophage (D:8)
  3 ogres
  A centaur (D:7)
  A lemure (D:7)
  A phantom (D:9)
  4 scorpions
  Dowan (D:6)
  A water moccasin skeleton (D:6)
  3 wights (D:7)
  3 howler monkeys (D:7)
  A bullfrog zombie (D:6)
  4 bullfrog skeletons
  4 hounds
  A jelly (D:4)
  Crazy Yiuf (D:2)
  A centaur skeleton (D:3)
  An orc priest (D:4)
  2 orc wizards
  An iguana (D:4)
  Natasha (thrice) (D:2)
  A killer bee zombie (D:8)
  4 ogre zombies (D:9)
  A howler monkey zombie (D:7)
  3 gnolls (D:7)
  8 adders
  2 shadow imps (D:7)
  2 ufetubi
  An adder skeleton (D:4)
  2 worms
  6 dart slugs
  16 orcs
  4 bats
  9 endoplasms
  4 giant cockroaches
  2 goblins
  5 hobgoblins
  10 jackals
  6 quokkas
  3 ball pythons
  A frilled lizard (D:1)
  3 goblin zombies (D:9)
  7 kobolds
  An orc skeleton (D:9)
  4 orc zombies (D:9)
  9 rats
173 creatures vanquished.

Vanquished Creatures (collateral kills)
  A troll zombie (D:9)
  2 wights (D:7)
  An orc skeleton (D:9)
4 creatures vanquished.

Vanquished Creatures (others)
  An orc wizard (D:4)
  2 withered plants (D:3)
3 creatures vanquished.

Grand Total: 180 creatures vanquished

Notes
Turn   | Place    | Note
-------+----------+-------------------------------------------
     0 | D:1      | Umoon2 the Demonspawn Gladiator began the quest for the
                  | Orb.
     0 | D:1      | Reached XP level 1. HP: 16/16 MP: 1/1
   126 | D:1      | Gained mutation: You have a pair of small antennae on your
                  | head. [demonic ancestry]
   126 | D:1      | Reached XP level 2. HP: 6/22 MP: 2/2
   564 | D:1      | Reached skill level 1 in Armour
  1141 | D:1      | Reached XP level 3. HP: 28/28 MP: 3/3
  1368 | D:1      | Found a faded altar of an unknown god.
  1572 | D:2      | Found an ornate altar of the Wu Jian Council.
  1594 | D:2      | Noticed Natasha
  1608 | D:2      | Killed Natasha
  1609 | D:2      | Gained mutation: You sometimes gain a little power by
                  | taking damage. [demonic ancestry]
  1609 | D:2      | Reached XP level 4. HP: 18/34 MP: 4/4
  1754 | D:2      | Noticed Natasha
  1763 | D:2      | Killed Natasha
  2000 | D:2      | Noticed Natasha
  2004 | D:2      | Killed Natasha
  2107 | D:2      | Reached XP level 5. HP: 38/41 MP: 5/5
  2440 | D:2      | Noticed Sigmund
  2458 | D:2      | Killed Sigmund
  2459 | D:2      | Gained mutation: You have a pair of antennae on your head.
                  | [demonic ancestry]
  2459 | D:2      | Reached XP level 6. HP: 4/48 MP: 6/6
  3031 | D:2      | Found a runed translucent door.
  3032 | D:2      | Noticed Crazy Yiuf
  3158 | D:2      | Killed Crazy Yiuf
  3772 | D:3      | Found a runed translucent door.
  3773 | D:3      | Noticed meatgazer's ghost (amateur HOMo)
  4273 | D:3      | Noticed Grinder
  4295 | D:3      | HP: 1/49 [Grinder/nerve-wracking pain (9)]
  4297 | D:3      | Killed Grinder
  4298 | D:3      | Reached skill level 5 in Fighting
  4298 | D:3      | Reached skill level 5 in Dodging
  4298 | D:3      | Gained mutation: You sometimes gain power by taking damage.
                  | [demonic ancestry]
  4298 | D:3      | Reached XP level 7. HP: 2/56 MP: 7/7
  5745 | D:4      | Reached XP level 8. HP: 63/63 MP: 8/8
  6028 | D:5      | Entered Level 5 of the Dungeon
  6312 | D:5      | Noticed Eustachio
  6340 | D:5      | Killed Eustachio
  6341 | D:5      | Reached skill level 5 in Armour
  7404 | D:6      | Noticed Dowan
  7431 | D:6      | Noticed Duvessa
  7444 | D:6      | Killed Duvessa
  7450 | D:6      | Killed Dowan
  8221 | D:6      | Found a staircase to the Ecumenical Temple.
  8472 | D:6      | Gained mutation: A weak demonic guardian rushes to your
                  | aid. [demonic ancestry]
  8472 | D:6      | Reached XP level 9. HP: 39/72 MP: 9/9
  8856 | Temple   | Entered the Ecumenical Temple
  9174 | Temple   | Became a worshipper of Makhleb the Destroyer
  9210 | D:7      | Found Xyalaav's Distillery.
  9353 | D:7      | Reached skill level 1 in Invocations
 10590 | D:7      | Noticed Prince Ribbit
 10602 | D:7      | Killed Prince Ribbit
 10602 | D:7      | Reached * piety under Makhleb
 11024 | D:7      | Noticed Pikel
 11050 | D:7      | Reached skill level 5 in Invocations
 11070 | D:7      | Killed Pikel
 11402 | D:7      | Identified the +10 dagger of Responsibility {vorpal, rN++
                  | Will+ Dex-3}
 11747 | D:8      | Reached XP level 10. HP: 39/80 MP: 14/14
 12288 | D:8      | Noticed Erica
 12314 | D:8      | Killed Erica
 12901 | D:9      | Noticed Maurice
 12916 | D:9      | Killed Maurice
 13169 | D:9      | Found a staircase to the Orcish Mines.
 13506 | D:9      | Slain by an orc warrior

Illustrated notes

Levels and vault maps discovered:
D:1:      tarquinn_simple_flora_water_a, layout_rooms, basic_ecumenical_altar
D:2:      layout_basic, basic_altar, uniq_natasha, uniq_sigmund,
          uniq_crazy_yiuf_cottage
D:3:      kb_forest_paths, layout_basic, gammafunk_ghost_grave,
          chequers_decorated_corner, uniq_grinder
D:4:      wad_pebble_path, layout_basic
D:5:      layout_basic, kennysheep_potato, uniq_eustachio
D:6:      layout_basic, minmay_temple_entry_trees, uniq_duvessa
D:7:      minmay_chambers_of_sixes, layout_loops_ring, serial_rivers,
          chequers_serial_rivers_marsh, chequers_serial_rivers_small_a,
          chequers_serial_rivers_room_a, chequers_serial_rivers_small_a,
          chequers_serial_rivers_micro_e, chequers_serial_rivers_large_b,
          serial_shops, nicolae_shop_temple_entry_statues_fountains, uniq_pikel,
          uniq_prince_ribbit1
D:8:      layout_loops_ring, uniq_erica
D:9:      layout_loops_ring, doesnt_xom_only_xom, lair_entry_dummy,
          zombieorc1_lemuel, serial_shops, nicolae_shop_hallway_stairs,
          uniq_maurice
Temple:   regret_index_temple_sigil_plot

Skill      XL: |  1  2  3  4  5  6  7  8  9 10 |
---------------+-------------------------------+-----
Dodging        | 3 4 5 6 7 8 |  8.1
Armour         | 1 2 3 4 6 7 |  7.5
Fighting       | 3 4 5 7 8 |  8.5
Invocations    | 6 8 |  8.4
Short Blades   | |  2.6
Throwing       | |  1.7

Action                   |  1- 3 |  4- 6 |  7- 9 | 10-12 || total
-------------------------+-------+-------+-------+-------++-------
Melee: Rapier            |   109 |    23 |       |       ||   132
       Short sword       |       |   118 |   426 |    53 ||   597
       Dagger            |       |       |       |   128 ||   128
Evoke: Wand              |       |       |     1 |     3 ||     4
  Use: Potion            |       |       |       |     5 ||     5
Armor: Leather armour    |    14 |       |       |       ||    14
       Ring mail         |    18 |    27 |   112 |       ||   157
       Scale mail        |       |       |    18 |    43 ||    61
Dodge: Dodged            |    82 |    70 |   272 |    83 ||   507
Block: Other             |       |       |    44 |    21 ||    65

Table legend: (Time is in decaauts)
 A = Elapsed time spent in this place.
 B = Non-inter-level travel time spent in this place.
 C = Inter-level travel time spent in this place.
 D = Time resting spent in this place.
 E = Time spent auto-exploring this place.
 F = Levels seen in this place.
 G = Mean time per level.
                   A        B        C        D        E       F      G
               +--------+--------+--------+--------+--------+-----+--------+
         Total |  13531 |  13109 |    422 |   4318 |   6870 |  10 | 1353.1 |
       Dungeon |  13196 |  12787 |    409 |   4318 |   6621 |   9 | 1466.2 |
        Temple |    334 |    322 |     12 |      0 |    249 |   1 |  334.0 |
               +--------+--------+--------+--------+--------+-----+--------+

Top non-repeatable levels by time:
     D:7: 2325 daAuts
     D:2: 1961 daAuts
     D:1: 1543 daAuts
     D:6: 1460 daAuts
     D:3: 1411 daAuts
     D:4: 1335 daAuts
     D:8: 1211 daAuts
     D:5: 1141 daAuts
     D:9: 805 daAuts
  Temple: 334 daAuts
